 Dungeon Crawl Stone Soup version 0.17-a0-1954-g0dddeaa (webtiles) character file.

440 Eldritch the Pannier (level 6, -2/52 HPs)
             Began as a Deep Dwarf Artificer on Oct 4, 2015.
             Was an Initiate of Nemelex Xobeh.
             Slain by Wocwiot the merfolk
             ... wielding a +4 trident of venom
             ... created by the player character
              (9 damage)
             ... on level 5 of the Dungeon.
             The game lasted 00:13:53 (3143 turns).

Eldritch the Pannier (Deep Dwarf Artificer)         Turns: 3143, Time: 00:13:53

Health: -2/52      AC:  8    Str: 17    XL:     6   Next: 70%
Magic:  5/8        EV: 13    Int: 12    God:    Nemelex Xobeh [......]
Gold:   95         SH:  0    Dex: 11    Spells: 0 memorised, 5 levels left

rFire  + . .     SeeInvis .     A - +2 falchion (flame)
rCold  . . .     Rnd*Rage +     b - +0 leather armour
rNeg   . . .     SustAt   .     (no shield)
rPois  .         Gourm    .     (no helmet)
rElec  .         Spirit   .     i - +1 cloak
rCorr  .         Warding  .     (no gloves)
rMut   .         Stasis   .     (no boots)
MR     .....                    (no amulet)
Stlth  ++........               (no ring)
                                y - +2 ring of protection

@: lethally poisoned (-2 -> -22), non-regenerating, not resistant to hostile
enchantments, unstealthy
A: damage resistance, recharge devices, molten scales 1, berserk 1, clumsy 1,
fire resistance 1, sense surroundings 1, slow healing 3, wild magic 1,
MP-powered wands
a: Device Recharging, Renounce Religion


You were on level 5 of the Dungeon.
You worshipped Nemelex Xobeh.
Nemelex Xobeh was noncommittal.
You were not hungry.

You visited 2 branches of the dungeon, and saw 6 of its levels.

You collected 334 gold pieces.
You spent 205 gold pieces at shops.

Inventory:

Hand weapons
 a - a +0 short sword
 A - a +2 falchion of flaming (weapon)
Armour
 b - a +0 leather armour (worn)
 i - a +1 cloak (worn)
 B - a +0 leather armour of fire resistance
Jewellery
 y - a +2 ring of protection (left hand)
Magical devices
 c - a wand of flame (24)
 d - a wand of enslavement (7)
 e - a wand of random effects (10)
 f - a wand of heal wounds (3)
Scrolls
 k - 3 scrolls of identify
 l - a scroll of noise {unknown}
 m - 2 scrolls of fog {unknown}
 o - 2 scrolls of amnesia {unknown}
 p - a scroll of recharging {unknown}
 q - a scroll of immolation {unknown}
 t - a scroll of magic mapping {unknown}
 w - 3 scrolls of remove curse {unknown}
 z - a scroll of teleportation {unknown}
 C - a scroll of silence {unknown}
 D - a scroll of enchant weapon {unknown}
Potions
 j - a potion of curing {unknown}
 s - 2 potions of haste
 v - a potion of brilliance {unknown}
 x - a potion of magic {unknown}
 F - a potion of degeneration {unknown}
Books
 n - a book of the Earth

   Spells                             Type                      Level
   a - Leda's Liquefaction            Hexes/Earth                  4
   b - Bolt of Magma                  Conjuration/Fire/Earth       5
   c - Statue Form                    Transmutation/Earth          6
   d - Iron Shot                      Conjuration/Earth            6
   e - Shatter                        Earth                        9
 E - a Necronomicon

   Spells                             Type                      Level
   a - Haunt                          Necromancy/Summoning         7
   b - Borgnjor's Revivification      Necromancy                   8
   c - Death's Door                   Charms/Necromancy            8
   d - Necromutation                  Transmutation/Necromancy     8
Miscellaneous
 h - a plain deck of wonders {drawn: 6}
Comestibles
 g - 2 bread rations
 r - a meat ration
 u - a beef jerky


   Skills:
 + Level 2.2 Fighting
 + Level 2.0 Short Blades
 + Level 0.4(1.4) Long Blades
 - Level 1.4 Armour
 + Level 5.2 Dodging
 + Level 3.2 Stealth
 + Level 5.8 Evocations


You had 5 spell levels left.
You didn't know any spells.

Dungeon Overview and Level Annotations

Branches:
Dungeon (5/15)             Temple (1/1) D:4

Altars:
Ashenzari
Cheibriados
Dithmenos
Elyvilon
Fedhas
Gozag
Nemelex Xobeh
Okawaru
Qazlal
Sif Muna
Vehumet
Xom
Yredelemnul

Shops:
D:5 :!}


Innate Abilities, Weirdness & Mutations

You are resistant to damage.
You can recharge devices by infusing magical energy.
You passively map a small area around you.
You do not heal naturally.
You are partially covered in molten scales (AC +1).
You tend to lose your temper in combat.
You are clumsy. (Dex -2)
Your flesh is heat resistant.
Your spells are a little harder to cast, but a little more powerful.
You expend magic power (3 MP) to strengthen your wands.


Message History

You are poisoned.
The gnoll barely misses you.
You hit the gnoll. You burn the gnoll.
You kill the gnoll!
The adder skeleton barely misses you.
Wocwiot hits you with a trident of venom!
* * * LOW HITPOINT WARNING * * *
You are more poisoned.
The adder skeleton barely misses you.
You feel sick.
Wocwiot hits you from afar with a trident of venom.
* * * LOW HITPOINT WARNING * * *
You are lethally poisoned!
The adder skeleton misses you.
You barely miss the adder skeleton.
* * * LOW HITPOINT WARNING * * *
You feel very sick.
Wocwiot hits you from afar with a trident of venom!
You die...
Your body disappears without a glow.

###<####.#.######............###)
................'........#+#...))
###.####.#.######........+∩'..##.
#.# #.........)#####..#'#..##.
###<####.##.#####.# #......###.
gg.........>#* #.# #......# #.
.#######.##..####'############ ##
,* #.###.##.Z)......# ** #.#
*.##.@.m∩....# * #.#
*..#.∩.......# *******#.#
*#.#.........#
,,,,,,,..#***.###'####### ##
,,,,,**...,,,..*#.# #.
,,,,,**,,,,,,*,*#.# #.
,,,,,**,,,,,,*,,#.#*** #.
,,,,,**,,,,,,**,#.#*∆* #.
,,,,,**,,,,,,**,###******* #.


You could see Wocwiot the merfolk and an adder skeleton.

Vanquished Creatures
  Sigmund (D:4)
  A phantom (D:4)
  An orc priest (D:4)
  A centaur skeleton (D:4)
  An orc wizard (D:4)
  3 adders
  4 gnolls (D:5)
  An ooze (D:2)
  2 worms
  A giant gecko (D:2)
  3 orcs
  A ball python (D:1)
  6 hobgoblins
  3 jackals (D:1)
  8 bats
  5 giant cockroaches
  9 giant newts
  9 goblins
  3 kobolds
  3 quokkas
  10 rats
76 creatures vanquished.

Vanquished Creatures (collateral kills)
  A hound (D:4)
  2 gnolls (D:5)
  An adder (D:4)
  3 orcs
7 creatures vanquished.

Vanquished Creatures (others)
  A gnoll (D:5)
  A hobgoblin (D:3)
  A goblin (D:3)
3 creatures vanquished.

Grand Total: 86 creatures vanquished

Notes
Turn   | Place    | Note
--------------------------------------------------------------
     0 | D:1      | Eldritch the Deep Dwarf Artificer began the quest for the Orb.
     0 | D:1      | Reached XP level 1. HP: 16/16 MP: 3/3
   504 | D:1      | Reached skill level 1 in Fighting
   531 | D:1      | Reached XP level 2. HP: 13/25 MP: 5/5
   734 | D:1      | Reached skill level 1 in Short Blades
   959 | D:2      | Reached skill level 1 in Armour
   976 | D:2      | Reached XP level 3. HP: 31/31 MP: 6/6
  1512 | D:2      | Reached XP level 4. HP: 24/38 MP: 7/7
  2034 | D:3      | Found a deep blue altar of Sif Muna.
  2251 | D:4      | Noticed Sigmund
  2251 | D:4      | Noticed a phantom
  2261 | D:4      | Found a staircase to the Ecumenical Temple.
  2277 | Temple   | Entered the Ecumenical Temple
  2296 | Temple   | Became a worshipper of Nemelex Xobeh the Trickster
  2320 | D:4      | Received a gift from Nemelex Xobeh
  2445 | D:4      | Killed Sigmund
  2445 | D:4      | Reached skill level 5 in Evocations
  2445 | D:4      | Reached XP level 5. HP: 24/44 MP: 8/8
  2496 | D:4      | Killed a phantom
  2496 | D:4      | Reached XP level 6. HP: 49/52 MP: 7/9
  2675 | D:4      | Reached skill level 5 in Dodging
  2857 | D:5      | Entered Level 5 of the Dungeon
  2910 | D:5      | Found Janyh's Gadget Shop.
  2913 | D:5      | Bought a plain deck of wonders for 168 gold pieces
  2920 | D:5      | Gained mutation: Your spells are a little harder to cast, but a little more powerful. [helix card]
  3093 | D:5      | Found Waukk's Distillery.
  3093 | D:5      | Found Kyolimp's Book Shoppe.
  3097 | D:5      | Bought a potion of mutation for 37 gold pieces
  3097 | D:5      | Gained mutation: You expend magic power (3 MP) to strengthen your wands. [potion of mutation]
  3097 | D:5      | Gained mutation: Your flesh is heat resistant. [potion of mutation]
  3098 | D:5      | Gained mutation: You tend to lose your temper in combat. [potion of mutation]
  3098 | D:5      | Gained mutation: You are partially covered in molten scales (AC +1). [potion of mutation]
  3098 | D:5      | Gained mutation: You are clumsy. (Dex -2) [potion of mutation]
  3136 | D:5      | Noticed Wocwiot
  3143 | D:5      | Slain by Wocwiot the merfolk

Vault maps used:
D:1:      dpeg_arrival_ratfight, serial_forest,
          infiniplex_forest_clump_diagonal, infiniplex_forest_diagonal,
          infiniplex_forest_lined_room_2, infiniplex_forest_clump_cross,
          infiniplex_forest_clump_large, infiniplex_forest_lined_2
D:2:      first_bread
D:3:      lemuel_blue_sif_altar, guppyfry_early_orc_mine
D:4:      minmay_temple_entry_statues_fountains, uniq_sigmund
D:5:      makhleb_altar_promises_db, serial_shops, shop, shop, shop, shop,
          kennysheep_mini_moat, corexii_shack
Temple:   minmay_freezing_vapour_temple_12

Action                   |  1- 3 |  4- 6 || total
-------------------------+-------+-------++-------
Melee: Short sword       |   155 |    95 ||   250
       Falchion          |       |    22 ||    22
 Abil: Device Recharging |       |     2 ||     2
Evoke: Wand              |    18 |    19 ||    37
       Deck              |       |    13 ||    13
  Use: Scroll            |       |     4 ||     4
       Potion            |       |     2 ||     2
 Stab: Sleeping          |     2 |     3 ||     5
  Eat: Bread ration      |     1 |     1 ||     2
       Chunk             |     1 |       ||     1
